 Dungeon Crawl Stone Soup version 0.29-a0-830-gcb1280458a (webtiles) character file.

Game seed: 11531060692261209541

3274 kae the Arsonist (level 9, -12/62 HPs)
             Began as a Demigod Fire Elementalist on July 11, 2022.
             Mangled by a two-headed ogre
             ... wielding a +0 giant club
              (27 damage)
             ... on level 8 of the Dungeon.
             The game lasted 00:08:10 (10991 turns).

kae the Arsonist (Demigod Fire Elementalist)       Turns: 10991, Time: 00:08:10

Health: -12/62     AC:  6    Str:  9    XL:     9   Next: 41%
Magic:  9/20       EV: 12    Int: 29    God:
Gold:   1114       SH:  0    Dex: 14    Spells: 5/18 levels left

rFire   . . .      SeeInvis .   h - +8 trident of the Ancients {venom, rCorr}
rCold   . . .      Faith    .   (no shield)
rNeg    + . .      Spirit   .   K - +2 robe {rN+}
rPois   .          Reflect  .   (no helmet)
rElec   .          Harm     .   q - +1 cloak
rCorr   +          Rampage  .   (no gloves)
Will    ++...                   (no boots)
Stlth   ++........              (no amulet)
HPRegen 0.20/turn               S - ring of willpower
MPRegen 0.17/turn               B - ring of willpower

@: no status effects
A: high MP 1, forlorn, divine attributes
a: no special abilities


You were on level 8 of the Dungeon.
You visited 1 branch of the dungeon, and saw 9 of its levels.
You also visited: Sewer.

You collected 1166 gold pieces.
You spent 52 gold pieces at shops.


Innate Abilities, Weirdness & Mutations

You have an increased reservoir of magic. (+10% MP)
You shall have no god before yourself.
Your divine heritage dramatically boosts your attributes as you level up.


   Skills:
 - Level 1.7 Dodging
 - Level 1.7 Stealth
 + Level 5.3 Spellcasting
 * Level 8.0 Conjurations
 * Level 8.5 Fire Magic


You had 5 spell levels left.
You knew the following spells:

 Your Spells              Type           Power      Damage    Failure   Level
a - Foxfire               Conj/Fire      100%       2x1d9     1%          1
b - Scorch                Fire           100%       2d10      1%          2
c - Conjure Flame         Conj/Fire      54%        6-21      1%          3
d - Inner Flame           Hex/Fire       32%        N/A       3%          3
e - Flame Wave            Conj/Fire      54%        2d11      1%          4

Your spell library contained the following spells:

 Spells                   Type           Power      Damage    Failure   Level
 Stone Arrow              Conj/Erth      62%        3d10      3%          3
 Apportation              Tloc           14%        N/A       6%          1
 Beastly Appendage        Tmut           14%        N/A       6%          1
 Necrotise                Necr           28%        1d5       6%          1
 Summon Small Mammal      Summ           28%        N/A       6%          1
 Wereblood                Tmut           7%         N/A       9%          2
 Spider Form              Tmut/Pois      7%         N/A       19%         3
 Animate Armour           Summ/Erth      14%        N/A       52%         4
 Lehudib's Crystal Spear  Conj/Erth      15%        10d5      100%        8

Inventory:

Hand Weapons
 h - the +8 trident of the Ancients (weapon) {venom, rCorr}
   (You took it off a wight on level 8 of the Dungeon)

   It poisons the flesh of those it strikes.
   rCorr:     It protects you from acid and corrosion.
Missiles
 c - 50 stones
 r - 2 poisoned darts
 v - 8 boomerangs
 T - 5 atropa-tipped darts
 X - a throwing net {=f!f}
Armour
 b - a +0 plate armour
   (You took it off an orc warrior on level 8 of the Dungeon)
 l - a +0 scale mail
   (You found it on level 4 of the Dungeon)
 q - a +1 cloak (worn)
   (You found it on level 2 of the Dungeon)
 K - a +2 robe of positive energy (worn)
   (You found it in a sewer)
 O - a +0 scale mail
   (You found it on level 5 of the Dungeon)
 Q - a +0 robe
   (You took it off a gnoll bouda on level 5 of the Dungeon)
 U - a +0 scale mail
   (You took it off an orc on level 7 of the Dungeon)
Jewellery
 B - a ring of willpower (right hand)
   (You found it on level 5 of the Dungeon)
 E - a +4 ring of evasion
   (You found it on level 8 of the Dungeon)
 R - a ring of resist corrosion
   (You found it on level 1 of the Dungeon)
 S - a ring of willpower (left hand)
   (You found it on level 6 of the Dungeon)
Wands
 y - a wand of acid (7)
   (You found it on level 4 of the Dungeon)
 L - a wand of polymorph (4)
   (You found it in a sewer)
Scrolls
 d - a scroll of magic mapping {!r}
 j - a scroll of poison {!r}
 z - a scroll of immolation {!r!r}
 F - 2 scrolls of fear
 I - a scroll of vulnerability {!r!r}
 W - a scroll of enchant armour
 Y - a scroll of teleportation {@r4}
Potions
 e - 2 potions of might
 f - 3 potions of lignification {!q}
 g - 2 potions of berserk rage {!q}
 i - 7 potions of curing {@q1}
 n - 3 potions of haste {@q3}
 o - a potion of resistance
 s - a potion of brilliance
 G - 3 potions of magic
 N - a potion of heal wounds {@q2}
 V - a potion of cancellation

Dungeon Overview and Level Annotations

Branches:
Dungeon (9/15) Zot: 26965  Temple (0/1) D:6           Sewer (visited)
   Lair: D:8-11         Orc: D:9-12

Shops:
D:5 ![   D:6 *

Annotations:
D:3 Terence
D:7 exclusion: steam dragon

#######.####.###.##### #.######
.....................# #.......
#######.#####.##.###.# #..#####
.######.#..........#.# #.......
...)).[....[...#.#.#.# ##.#####
######.##.###..#.#.#.# #.#
.......<#.# #......#.# #.#
######.##.#####..###.# #.#
#..............@..#.# #.#
#.###.##.######O#.#.# #.#
#.#....#.# #.#.#.# #.# #.#.#..#.#
#.#.#)# #.# #.#.####.# #.#.#.#
#.# #.#......# #.#.#.# #.#
#.######## #.#.#.# #.# ### ##+##
#.#.#.######.###..
....############.#.#........#....


You could see a two-headed ogre (combustible).


Message History

You start resting. 😎 MP[+1]
Found a stone staircase leading up.
There is a stone staircase leading up here.
Things that are here:
a +0 hand axe; a +0 robe
Things that are here:
a +5 dire flail; a +0 scale mail
There is an open door here.
Key pressed, stopping explore.
You open the door. You open the door.
Done exploring. 😎 MP[+3]
Your mp is fully restored (20).
Done exploring.
Done exploring.
Done exploring.
As you read the scroll of identify {@r1}, it crumbles to dust.
g - 2 potions of berserk rage
Okay, then.
Okay, then.
Okay, then.
(D) Dungeon (T) Temple
Where to? (Enter - D:8, ? - help)
There is a stone staircase leading down here.
You climb downwards.
Found a book of Cantrips and 10 gold pieces.
Found two stone staircases leading up.
There is a stone staircase leading up here.
Okay, then.
There is a stone staircase leading up here.
You pick up a book of Cantrips and begin reading...
You add the spells Necrotise, Summon Small Mammal and Apportation to your library.
A two-headed ogre comes into view. It is wielding two +0 giant clubs.
A two-headed ogre is nearby!
A two-headed ogre is nearby!
Casting: Scorch (safe; 1% risk of failure)
Confirm with . or Enter, or press ? or * to list all spells.
You conjure some foxfire! 😎 MP[-1]
You lost 1 mp, and now have 19/20 mp.
Casting: Foxfire (safe; 1% risk of failure)
Confirm with . or Enter, or press ? or * to list all spells.
Aiming: Inner Flame (dangerous; 3% risk of failure)
Press: ? - help, Dir - move target, f - two-headed ogre
Aim: a two-headed ogre, wielding two +0 giant clubs (asleep, ally target, chance to affect: 73%)
The two-headed ogre shouts in stereo!
The two-headed ogre struggles to resist.
You hear an angry buzzing noise. x3
The foxfire hits the two-headed ogre. x2 😎 MP[-3]
You lost 3 mp, and now have 16/20 mp.
Casting: Inner Flame (dangerous; 3% risk of failure)
Confirm with . or Enter, or press ? or * to list all spells.
You conjure some foxfire!
The foxfire hits the two-headed ogre!
The foxfire hits the two-headed ogre but does no damage. 😎 MP[-1]
You lost 1 mp, and now have 15/20 mp. 😎 MP[+1]
There is a stone staircase leading up here. 😎 MP[+1]
Casting: Foxfire (safe; 1% risk of failure)
Confirm with . or Enter, or press ? or * to list all spells.
Aiming: Inner Flame (dangerous; 3% risk of failure)
Press: ? - help, Dir - move target, f/p - two-headed ogre
Aim: a two-headed ogre, wielding two +0 giant clubs (lightly wounded, chance to affect: 73%)
The two-headed ogre struggles to resist. 😎 MP[-3]
You lost 3 mp, and now have 14/20 mp.
Casting: Inner Flame (dangerous; 3% risk of failure)
Confirm with . or Enter, or press ? or * to list all spells.
Flames lash the two-headed ogre.
The two-headed ogre's fire resistance burns away. 😎 MP[-2]
You lost 2 mp, and now have 12/20 mp.
The two-headed ogre barely misses you.
The two-headed ogre hits you with a +0 giant club!!
You climb upwards.
There is a stone staircase leading down here. 😮 HP[-24]
You take 24 damage, and now have 38/62 hp.
MASSIVE DAMAGE!! (PAUSE)
Casting: Scorch (safe; 1% risk of failure)
Confirm with . or Enter, or press ? or * to list all spells.
Flames lash the two-headed ogre.
The two-headed ogre is burned terribly!
The two-headed ogre hits you with a +0 giant club!
* * * LOW HITPOINT WARNING * * *
The two-headed ogre hits you with a +0 giant club!
* * * LOW HITPOINT WARNING * * *
😱 HP[-23] MP[-1]
You take 23 damage, and now have 15/62 hp.
MASSIVE DAMAGE!! (PAUSE)
You lost 1 mp, and now have 11/20 mp.
Casting: Scorch (safe; 1% risk of failure)
Confirm with . or Enter, or press ? or * to list all spells.
Flames lash the two-headed ogre.
The two-headed ogre is burned terribly!
The two-headed ogre hits you with a +0 giant club!!
You die...

Skill      XL: |  1  2  3  4  5  6  7  8  9 |
---------------+----------------------------+-----
Conjurations   | 1 2 3 4 5 7 8 |  8.0
Fire Magic     | 3 4 5 6 7 8 |  8.5
Spellcasting   | 2 3 4 5 |  5.3
Dodging        | |  1.7
Stealth        | |  1.7

Action                   |  1- 3 |  4- 6 |  7- 9 || total
-------------------------+-------+-------+-------++-------
Melee: Unarmed           |     1 |       |       ||     1
 Cast: Foxfire           |    70 |    46 |   218 ||   334
       Scorch            |     3 |    19 |    62 ||    84
       Conjure Flame     |       |     2 |     8 ||    10
       Inner Flame       |       |       |     4 ||     4
Evoke: Wand              |       |       |     1 ||     1
  Use: Scroll            |       |    10 |    11 ||    21
       Potion            |       |     1 |     1 ||     2
Armor: Robe              |     6 |     3 |    12 ||    21
Dodge: Dodged            |    13 |    11 |    28 ||    52

Levels and vault maps discovered:
D:1:      wander_arrival_desolate, layout_loops_ring,
          chequers_ecumenical_altar_simple, minivault_26
D:2:      layout_loops_ring, basic_altar
D:3:      layout_loops_corners, chequers_serial_rivers_room_b, uniq_pargi,
          uniq_terence, uniq_sigmund
D:4:      layout_loops_ring, mainiacjoe_overflow_tiny_flanked,
          mainiacjoe_overflow_alcove_4, mainiacjoe_overflow_catwalk
D:5:      kennysheep_six_static_rooms, layout_loops_corners,
          mainiacjoe_overflow_boulevard, mainiacjoe_overflow_six_doors_small,
          gup_sewer_entry_bowl, hangedman_decor_lopped, kennysheep_another_room,
          nrook_loot_triangle, nicolae_wooded_promenade
D:6:      layout_cave_pools, nicolae_tso_carved_into_rock,
          minmay_temple_entry_wispy, serial_shops, shop
D:7:      layout_loops_ring, okawaru_ov_weapons_minmay
D:8:      layout_basic, lemuel_round_altar
D:9:      layout_big_octagon, nicolae_overflow_hidden_temple,
          kennysheep_orc_monster_closet_entryway

Notes
Turn   | Place    | Note
-------+----------+-------------------------------------------
     0 | D:1      | kae the Demigod Fire Elementalist began the quest for the
                  | Orb.
     0 | D:1      | Reached XP level 1. HP: 14/14 MP: 5/5
     0 | D:1      | magus.rc [v1.11.3]
    64 | D:1      | Reached skill level 1 in Conjurations
   375 | D:1      | Reached XP level 2. HP: 20/20 MP: 2/7
   378 | D:1      | Reached skill level 3 in Fire Magic
   481 | D:1      | Reached skill level 2 in Spellcasting
   862 | D:1      | Learned a level 2 spell: Scorch
   964 | D:2      | Reached XP level 3. HP: 26/26 MP: 5/8
   968 | D:2      | Learned a level 3 spell: Conjure Flame
  1103 | D:2      | You fall into a shaft and drop 1 floor!
  1190 | D:3      | Reached skill level 2 in Conjurations
  1487 | D:2      | You pick up a book of Armaments and begin reading...
  1487 | D:2      | You add the spells Stone Arrow, Animate Armour and
                  | Lehudib's Crystal Spear to your library.
  1696 | D:2      | Reached XP level 4. HP: 33/33 MP: 6/10
  1801 | D:2      | Identified a scroll of acquirement
  1801 | D:2      | Acquired 649 gold pieces
  2375 | D:3      | Noticed Terence
  2385 | D:3      | Noticed Pargi
  2405 | D:3      | Killed Pargi
  2406 | D:3      | Reached skill level 3 in Conjurations
  2406 | D:3      | Reached skill level 4 in Fire Magic
  2406 | D:3      | Reached XP level 5. HP: 26/38 MP: 8/11
  2842 | D:3      | Noticed Sigmund
  3214 | D:3      | Killed Sigmund
  3215 | D:3      | Reached skill level 3 in Spellcasting
  3215 | D:3      | Reached skill level 4 in Conjurations
  3215 | D:3      | Reached XP level 6. HP: 45/45 MP: 4/13
  3678 | D:4      | Reached skill level 5 in Fire Magic
  3763 | D:4      | Reached XP level 7. HP: 47/50 MP: 8/15
  4574 | D:4      | Learned a level 3 spell: Inner Flame
  4579 | D:4      | Learned a level 4 spell: Flame Wave
  4592 | D:5      | Entered Level 5 of the Dungeon
  4603 | D:5      | Reached skill level 5 in Conjurations
  5007 | D:5      | Found a glowing drain.
  5011 | Sewer    | Entered a sewer
  5408 | Sewer    | Reached skill level 6 in Fire Magic
  6141 | D:5      | Found Dowaozul's Antique Armour Boutique.
  6143 | D:5      | Found Baucag's Distillery.
  6152 | D:5      | Bought a potion of lignification for 39 gold pieces
  6152 | D:5      | Bought a potion of degeneration for 13 gold pieces
  6167 | D:5      | Reached skill level 4 in Spellcasting
  6167 | D:5      | Reached XP level 8. HP: 57/57 MP: 11/17
  7043 | D:6      | You pick up a book of Changes and begin reading...
  7043 | D:6      | You add the spells Beastly Appendage, Wereblood and Spider
                  | Form to your library.
  7063 | D:6      | Found a staircase to the Ecumenical Temple.
  7172 | D:5      | Reached skill level 6 in Conjurations
  7713 | D:6      | Found Keinkaum's General Store.
  7740 | D:6      | Reached skill level 7 in Fire Magic
  8190 | D:7      | HP: 14/57 [poisoned by a water moccasin]
  8191 | D:7      | HP: 3/57 [poisoned by a water moccasin]
  8192 | D:7      | Reached skill level 7 in Conjurations
  8196 | D:7      | HP: 10/57 [poisoned by a water moccasin]
  8201 | D:7      | HP: 5/57 [poisoned by a water moccasin]
  8559 | D:7      | Reached XP level 9. HP: 56/62 MP: 7/19
  9123 | D:7      | Reached skill level 5 in Spellcasting
  9277 | D:7      | Reached skill level 8 in Fire Magic
 10524 | D:8      | Identified the +8 trident of the Ancients {venom, rCorr}
 10672 | D:8      | Reached skill level 8 in Conjurations
 10962 | D:9      | You pick up a book of Cantrips and begin reading...
 10962 | D:9      | You add the spells Necrotise, Summon Small Mammal and
                  | Apportation to your library.
 10971 | D:9      | Noticed a two-headed ogre
 10990 | D:8      | HP: 15/62 [two-headed ogre/+0 giant club (7)]
 10991 | D:8      | Mangled by a two-headed ogre

Vanquished Creatures
  Sigmund (D:3)
  3 water moccasins
  Pargi (D:3)
  An orc warrior (D:8)
  3 ice beasts
  A sky beast (D:7)
  An ogre (D:7)
  2 phantoms
  5 bullfrogs
  2 necrophages
  A gnoll sergeant (D:7)
  3 scorpions
  6 wights
  4 howler monkeys
  A hound (D:5)
  A gnoll bouda (D:5)
  2 jellies
  4 orc priests
  3 orc wizards
  6 iguanas
  13 gnolls
  9 adders
  2 shadow imps
  6 white imps
  3 ufetubi
  A dart slug (D:1)
  33 orcs
  2 bats (D:1)
  8 endoplasms
  10 giant cockroaches
  4 goblins
  4 hobgoblins
  2 kobolds
  10 quokkas
  8 ball pythons
  7 frilled lizards
  6 rats
179 creatures vanquished.

Vanquished Creatures (others)
  584 foxfires
584 creatures vanquished.

Grand Total: 763 creatures vanquished

Table legend:
 A = Non-vault XP
 B = Vault XP
 C = Vault XP percentage of total XP
 D = Non-vault monster count
 E = Vault monster count
 F = Vault count percentage of total count
                 A         B        C        D         E       F
            +---------+---------+-------+---------+---------+-------
      Total |    3971 |     707 |  15.1 |     145 |      34 |  19.0
            +---------+---------+-------+---------+---------+-------
        D:1 |      36 |       0 |   0.0 |      18 |       0 |   0.0
        D:2 |      68 |       0 |   0.0 |      15 |       0 |   0.0
        D:3 |     186 |     367 |  66.4 |      23 |       2 |   8.0
        D:4 |     468 |       0 |   0.0 |      22 |       0 |   0.0
        D:5 |     552 |     119 |  17.7 |      11 |      10 |  47.6
        D:6 |     357 |       0 |   0.0 |      11 |       0 |   0.0
        D:7 |    1455 |       0 |   0.0 |      29 |       0 |   0.0
        D:8 |     849 |       0 |   0.0 |      16 |       0 |   0.0
      Sewer |       0 |     221 | 100.0 |       0 |      22 | 100.0
            +---------+---------+-------+---------+---------+-------

Illustrated notes

Table legend:
 A = Kills in this place as a percentage of kills in entire the game.
 B = Kills by you in this place as a percentage of kills by you in the entire game.
 C = Kills by friends in this place as a percentage of kills by friends in the entire game.
 D = Other kills in this place as a percentage of other kills in the entire game.
 E = Experience gained in this place as a percentage of experience gained in the entire game.
 F = Experience gained in this place divided by the number of levels of this place that you have seen.
                   A       B       C       D       E      F
               +-------+-------+-------+-------+-------+----------------------
         Total | 100.0 | 100.0 |   N/A |   N/A | 100.0 | 467.8
       Dungeon |  87.7 |  87.7 |   N/A |   N/A |  95.3 | 495.2
         Sewer |  12.3 |  12.3 |   N/A |   N/A |   4.7 | 221.0
               +-------+-------+-------+-------+-------+----------------------

Table legend: (Time is in decaauts)
 A = Elapsed time spent in this place.
 B = Non-inter-level travel time spent in this place.
 C = Inter-level travel time spent in this place.
 D = Time resting spent in this place.
 E = Time spent auto-exploring this place.
 F = Levels seen in this place.
 G = Mean time per level.
                   A        B        C        D        E       F      G
               +--------+--------+--------+--------+--------+-----+--------+
         Total |  11089 |  10744 |    345 |    590 |   8668 |  10 | 1108.9 |
       Dungeon |  10324 |   9979 |    345 |    578 |   8042 |   9 | 1147.1 |
         Sewer |    765 |    765 |      0 |     12 |    625 |   1 |  765.0 |
               +--------+--------+--------+--------+--------+-----+--------+

Top non-repeatable levels by time:
     D:5: 1951 daAuts
     D:3: 1706 daAuts
     D:7: 1512 daAuts
     D:8: 1428 daAuts
     D:4: 1159 daAuts
     D:1: 946 daAuts
     D:6: 805 daAuts
     D:2: 783 daAuts
   Sewer: 765 daAuts
     D:9: 29 daAuts
